 Dungeon Crawl Stone Soup version 0.31.0-11-ge490571c62 (webtiles) character file.

Game seed: 3410905462626473834

3581 Skitler the Covert (level 10, -1/123 HPs)
             Began as a Gnoll Delver on Jan 30, 2024.
             Was an Elder of Trog.
             Slain by a gnoll sergeant
             ... wielding a +4 trident of protection
              (5 damage)
             ... on level 7 of the Dungeon.
             The game lasted 00:20:17 (8898 turns).

Skitler the Covert (Gnoll Delver)                   Turns: 8898, Time: 00:20:17

Health: -1/123     AC:  8    Str: 15    XL:     10   Next: 10%
Magic:  17/17      EV: 14    Int: 11    God:    Trog [****..]
Gold:   182        SH:  0    Dex: 13    Spells: 19/19 levels left

rFire   . . .        B - +3 war axe
rCold   . . .        (no shield)
rNeg    . . .        b - +0 leather armour
rPois   .            d - +2 helmet
rElec   .            (no cloak)
rCorr   +            (no gloves)
SInv    .            E - +0 pair of boots
Will    +....        (no amulet) Stlth
                     u - ring of willpower
HPRegen 0.40/turn    G - ring of resist corrosion
MPRegen 0.15/turn

%: no passive effects
@: berserking, very quick
A: fangs 1, strong nose, distributed training
a: Renounce Religion, Berserk, Trog's Hand, Brothers in Arms


You were on level 7 of the Dungeon.
You worshipped Trog.
Trog was greatly pleased with you.
You visited 1 branch of the dungeon, and saw 7 of its levels.
You also visited: Sewer.

You collected 182 gold pieces.

Inventory:

Hand Weapons
 y - a +0 arbalest
 A - a +4 battleaxe
 B - a +3 war axe (weapon)
 H - a +1 dagger of draining
Missiles
 l - 2 curare-tipped darts
 m - 17 poisoned darts (quivered)
Armour
 a - the +0 chain mail of the Sun {rN+ Will+ MP+9 Stlth-}
   (You found it on level 6 of the Dungeon)

   rN+:       It protects you from negative energy.
   Will+:     It increases your willpower.
   MP+9:      It affects your magic capacity (+9).
   Stlth-:    It makes you less stealthy.
 b - a +0 leather armour (worn)
 d - a +2 helmet (worn)
 t - +0 gold dragon scales
 E - a +0 pair of boots (worn)
Jewellery
 u - a ring of willpower (left hand)
 D - a ring of poison resistance
 G - a ring of resist corrosion (right hand)
Talismans
 x - a maw talisman
Wands
 g - a wand of digging (3)
 z - a wand of light (8)
Scrolls
 c - 2 scrolls of fog
 k - 2 scrolls of blinking
 n - 3 scrolls of noise
 p - 2 scrolls of fear
 q - a scroll of identify
 F - 2 scrolls of revelation
 I - a scroll of vulnerability {unknown}
 K - a scroll of enchant armour {unknown}
Potions
 e - 2 potions of mutation
 f - 2 potions of haste
 h - 2 potions of curing
 i - a potion of brilliance {unknown}
 j - 4 potions of magic
 o - a potion of heal wounds {unknown}
 r - 2 potions of ambrosia
 s - a potion of resistance {unknown}
 v - a potion of berserk rage {unknown}
 w - a potion of enlightenment {unknown}
 C - a potion of degeneration {unknown}
 J - a potion of attraction {unknown}


   Skills:
 + Level 8.4 Fighting
 + Level 5.1 Short Blades
 + Level 5.1 Long Blades
 + Level 5.1 Axes
 + Level 5.1 Maces & Flails
 + Level 7.0 Polearms
 + Level 5.1 Staves
 + Level 5.1 Ranged Weapons
 + Level 5.1 Throwing
 + Level 5.1 Armour
 + Level 7.0 Dodging
 + Level 10.9 Stealth
 + Level 5.1 Shields
 + Level 5.1 Unarmed Combat
 + Level 5.1 Spellcasting
 + Level 4.2 Conjurations
 + Level 4.2 Hexes
 + Level 4.2 Summonings
 + Level 4.2 Necromancy
 + Level 4.2 Translocations
 + Level 4.2 Fire Magic
 + Level 4.2 Ice Magic
 + Level 4.2 Air Magic
 + Level 4.2 Earth Magic
 + Level 4.2 Alchemy
 + Level 5.6 Invocations
 + Level 5.1 Evocations
 + Level 4.6 Shapeshifting


You had 19 spell levels left.
You didn't know any spells.
Your spell library was empty.

Dungeon Overview and Level Annotations

Branches:
Dungeon (7/15)             Temple (0/1) D:6           Sewer (visited)

Altars:
Gozag
Qazlal
Ru
Trog
Yredelemnul
Zin


Innate Abilities, Weirdness & Mutations

You have very sharp teeth.
Your uncanny sense of smell can sniff out nearby items.
Your experience applies equally to all skills.


Message History

The gnoll barely misses you.
Your Polearms skill increases to level 7!
Your Dodging skill increases to level 7!
You slash the gnoll!
You kill the gnoll!
Trog accepts your kill.
You hit the gnoll. The gnoll hits you but does no damage.
The gnoll sergeant hits you from afar with a +4 trident of protection.
Unknown command.
You closely miss the gnoll.
The gnoll is almost dead.
The gnoll hits you with a +0 flail.
The gnoll sergeant hits you from afar with a +4 trident of protection!
Unknown command.
You are too injured to fight recklessly!
Unknown command.
Unknown command.
You are too injured to fight recklessly!
The gnoll attacks as it pursues you! The gnoll completely misses you.
You slash the gnoll!
You kill the gnoll!
Trog accepts your kill.
The gnoll sergeant hits you from afar with a +4 trident of protection. x2
* * * LOW HITPOINT WARNING * * *
The gnoll sergeant hits you but does no damage.
You see here a +0 flail.
You hit the gnoll sergeant.
You bite the gnoll sergeant, but do no damage.
The gnoll sergeant is almost dead.
The gnoll sergeant looks more healthy.
The gnoll sergeant hits you with a +4 trident of protection!
* * * LOW HITPOINT WARNING * * *
You closely miss the gnoll sergeant.
The gnoll sergeant is almost dead.
The gnoll sergeant hits you with a +4 trident of protection.
* * * LOW HITPOINT WARNING * * *
A red film seems to cover your vision as you go berserk!
You feel yourself moving faster!
You feel mighty!
The gnoll sergeant hits you with a +4 trident of protection.
You die...

######### #####
######........
#....#####......#######
#...)g@.#..............
..(...)##.#..........####
....(.. #........###.# ##
...##.# #..#.....# #.# #.
.. #. #..#.....# #.###. .
∆ #. ##......)# #..... .
##.###### ###### # #.####
####### #....####.....#


You could see a gnoll sergeant.

Vanquished Creatures
  Pikel (D:4)
  2 steam dragons
  3 water moccasins
  An orc warrior (D:5)
  2 sky beasts
  An ogre (D:5)
  A lemure (D:4)
  2 kobold brigands (Sewer)
  2 bullfrogs
  A gnoll sergeant (D:6)
  8 wights
  6 killer bees
  4 howler monkeys
  3 bombardier beetles
  2 hounds (D:4)
  A jelly (D:6)
  An orc priest (D:3)
  A gnoll bouda (D:7)
  5 iguanas
  5 orc wizards
  Robin (D:3)
  16 gnolls
  20 adders
  2 river rats (Sewer)
  A white imp (D:6)
  3 dart slugs
  5 ribbon worms
  28 orcs
  5 endoplasms
  2 giant cockroaches
  14 goblins
  14 hobgoblins
  21 kobolds
  6 quokkas
  13 ball pythons
  4 bats
  2 frilled lizards
  29 rats
238 creatures vanquished.

Notes
Turn   | Place    | Note
-------+----------+-------------------------------------------
     0 | D:5      | Reached skill level 9 in Stealth
     0 | D:5      | Skitler the Gnoll Delver began the quest for the Orb.
     0 | D:5      | Reached XP level 1. HP: 23/23 MP: 1/1
    13 | D:5      | Found a bloodstained altar of Trog.
    24 | D:5      | Became a worshipper of Trog the Wrathful
    57 | D:5      | Reached XP level 2. HP: 26/29 MP: 2/2
    82 | D:5      | Noticed a bombardier beetle
   112 | D:5      | Found the +6 lightning scales {swift, rElec}
   405 | D:3      | Reached XP level 3. HP: 28/35 MP: 3/3
   409 | D:3      | Found a glowing drain.
   414 | Sewer    | Entered a sewer
   467 | Sewer    | Reached skill level 1 in Invocations
   759 | Sewer    | Reached * piety under Trog
   827 | Sewer    | Reached skill level 1 in Short Blades
   827 | Sewer    | Reached skill level 1 in Long Blades
   827 | Sewer    | Reached skill level 1 in Axes
   827 | Sewer    | Reached skill level 1 in Maces & Flails
   827 | Sewer    | Reached skill level 1 in Staves
   827 | Sewer    | Reached skill level 1 in Ranged Weapons
   827 | Sewer    | Reached skill level 1 in Throwing
   827 | Sewer    | Reached skill level 1 in Armour
   827 | Sewer    | Reached skill level 1 in Shields
   827 | Sewer    | Reached skill level 1 in Unarmed Combat
   827 | Sewer    | Reached skill level 1 in Spellcasting
   827 | Sewer    | Reached skill level 1 in Evocations
   842 | Sewer    | Reached skill level 1 in Shapeshifting
   842 | Sewer    | Reached XP level 4. HP: 41/41 MP: 5/5
   926 | Sewer    | Noticed a kobold brigand
   952 | Sewer    | Killed a kobold brigand
   953 | Sewer    | Reached skill level 1 in Conjurations
   953 | Sewer    | Reached skill level 1 in Hexes
   953 | Sewer    | Reached skill level 1 in Summonings
   953 | Sewer    | Reached skill level 1 in Necromancy
   953 | Sewer    | Reached skill level 1 in Translocations
   953 | Sewer    | Reached skill level 1 in Fire Magic
   953 | Sewer    | Reached skill level 1 in Ice Magic
   953 | Sewer    | Reached skill level 1 in Air Magic
   953 | Sewer    | Reached skill level 1 in Earth Magic
   953 | Sewer    | Reached skill level 1 in Alchemy
   953 | Sewer    | Reached XP level 5. HP: 29/47 MP: 5/7
  1078 | Sewer    | Noticed a kobold brigand
  1105 | Sewer    | Killed a kobold brigand
  1357 | D:3      | Noticed Robin
  1358 | D:3      | Reached ** piety under Trog
  1360 | D:3      | Reached XP level 6. HP: 52/53 MP: 8/8
  1369 | D:3      | Killed Robin
  1503 | D:2      | Reached skill level 5 in Polearms
  1503 | D:2      | Reached skill level 5 in Dodging
  2536 | D:2      | Found a stormy altar of Qazlal.
  2837 | D:3      | Reached *** piety under Trog
  2966 | D:3      | Found a sacrificial altar of Ru.
  3171 | D:3      | Found a glowing silver altar of Zin.
  3594 | D:3      | Found a faded altar of an unknown god.
  3708 | D:4      | Noticed Pikel
  3738 | D:4      | Killed Pikel
  3739 | D:4      | Reached skill level 10 in Stealth
  3739 | D:4      | Reached XP level 7. HP: 49/60 MP: 9/11
  3739 | D:4      | Reached XP level 8. HP: 55/67 MP: 9/12
  4631 | D:4      | Found a stormy altar of Qazlal.
  4900 | D:5      | Reached **** piety under Trog
  5432 | D:5      | Reached XP level 9. HP: 73/73 MP: 14/14
  5722 | D:6      | Found a staircase to the Ecumenical Temple.
  6145 | D:6      | Found a basalt altar of Yredelemnul.
  6308 | D:6      | Identified the +0 chain mail of the Sun {rN+ Will+ MP+9
                  | Stlth-}
  6379 | D:6      | Found an opulent altar of Gozag.
  6894 | D:6      | Reached skill level 5 in Invocations
  8373 | D:7      | Reached skill level 5 in Short Blades
  8373 | D:7      | Reached skill level 5 in Long Blades
  8373 | D:7      | Reached skill level 5 in Axes
  8373 | D:7      | Reached skill level 5 in Maces & Flails
  8373 | D:7      | Reached skill level 5 in Staves
  8373 | D:7      | Reached skill level 5 in Ranged Weapons
  8373 | D:7      | Reached skill level 5 in Throwing
  8373 | D:7      | Reached skill level 5 in Armour
  8373 | D:7      | Reached skill level 5 in Shields
  8373 | D:7      | Reached skill level 5 in Unarmed Combat
  8373 | D:7      | Reached skill level 5 in Spellcasting
  8373 | D:7      | Reached skill level 5 in Evocations
  8373 | D:7      | Reached XP level 10. HP: 55/81 MP: 17/17
  8897 | D:7      | HP: 3/82 [gnoll sergeant/+4 trident of protection (5)]
  8898 | D:7      | Slain by a gnoll sergeant

Illustrated notes

Levels and vault maps discovered:
D:1:      tarquinn_simple_flora_water_c, layout_loops_cross
D:2:      layout_rooms, serial_rivers, chequers_serial_rivers_room_b,
          chequers_serial_rivers_room_b, chequers_serial_rivers_room_a,
          chequers_serial_rivers_micro_e, chequers_serial_rivers_micro_c,
          chequers_serial_rivers_small_3, basic_altar, chequers_mini_garden,
          serial_park_tiny_2
D:3:      layout_loops_ring, mainiacjoe_overflow_big_doors,
          gup_sewer_entry_bowl, ebering_ecumenical_altar_box, uniq_robin
D:4:      kennysheep_spiral_hall, layout_basic, mainiacjoe_overflow_paths,
          uniq_pikel
D:5:      layout_cave_pools, trog_book, nicolae_titane
D:6:      layout_basic, mainiacjoe_overflow_catch_the_wave,
          minmay_temple_entry_from_below_a, nicolae_half_adder
D:7:      minmay_klotski, layout_basic

Skill      XL: |  1  2  3  4  5  6  7  8  9 10 |
---------------+-------------------------------+-----
Stealth        | 10 | 10.9
Invocations    | 1 2 3 4 5 |  5.6
Short Blades   | 1 3 5 |  5.1
Long Blades    | 1 3 5 |  5.1
Axes           | 1 3 5 |  5.1
Maces & Flails | 1 3 5 |  5.1
Staves         | 1 3 5 |  5.1
Ranged Weapons | 1 3 5 |  5.1
Throwing       | 1 3 5 |  5.1
Armour         | 1 3 5 |  5.1
Shields        | 1 3 5 |  5.1
Unarmed Combat | 1 3 5 |  5.1
Spellcasting   | 1 3 5 |  5.1
Evocations     | 1 3 5 |  5.1
Shapeshifting  | 1 2 3 4 |  4.6
Conjurations   | 1 2 3 4 |  4.2
Hexes          | 1 2 3 4 |  4.2
Summonings     | 1 2 3 4 |  4.2
Necromancy     | 1 2 3 4 |  4.2
Translocations | 1 2 3 4 |  4.2
Fire Magic     | 1 2 3 4 |  4.2
Ice Magic      | 1 2 3 4 |  4.2
Air Magic      | 1 2 3 4 |  4.2
Earth Magic    | 1 2 3 4 |  4.2
Alchemy        | 1 2 3 4 |  4.2
Polearms       | 5 6 7 |  7.0
Dodging        | 5 6 7 |  7.0
Fighting       | 7 8 |  8.4

Action                     |  1- 3 |  4- 6 |  7- 9 | 10-12 || total
---------------------------+-------+-------+-------+-------++-------
  Melee: Spear             |   124 |   362 |    11 |       ||   497
         Bite              |    11 |    30 |    33 |     1 ||    75
         Punch             |     3 |     4 |    13 |       ||    20
         Whip              |       |       |    89 |       ||    89
         War axe           |       |       |   220 |    24 ||   244
         Dagger            |       |       |     8 |       ||     8
  Throw: Throwing net      |     1 |       |       |       ||     1
         Dart              |       |     1 |    34 |     2 ||    37
 Invoke: Berserk           |     1 |     1 |     7 |     2 ||    11
         Trog's Hand       |       |       |     3 |       ||     3
    Use: Scroll            |     3 |     1 |     8 |       ||    12
         Potion            |       |     1 |       |       ||     1
   Stab: Sleeping          |     5 |    17 |    13 |     1 ||    36
         Distracted        |       |       |     1 |       ||     1
 Armour: Leather armour    |    63 |   210 |   277 |    30 ||   580
  Dodge: Dodged            |   105 |   231 |   305 |    26 ||   667
